 Dungeon Crawl Stone Soup version 0.28-b1-1-g3c77fb2ed1 (webtiles) character file.

Game seed: 4702828627305692930

46 markar the Digger (level 3, 0/26 HPs)
             Began as a Demigod Earth Elementalist on Jan 31, 2022.
             Killed by divine providence
             ... invoked by an orc priest
              (16 damage)
             ... on level 3 of the Dungeon.
             The game lasted 00:04:23 (1561 turns).

markar the Digger (Demigod Earth Elementalist)      Turns: 1561, Time: 00:04:24

Health: 0/26       AC:  4    Str:  9    XL:     3   Next: 26%
Magic:  5/8        EV: 12    Int: 21    God:
Gold:   135        SH:  0    Dex: 14    Spells: 1/5 levels left

rFire   . . .      SeeInvis .   g - +0 spear
rCold   . . .      Faith    .   (no shield)
rNeg    . . .      Spirit   .   b - +0 robe
rPois   .          Reflect  .   (no helmet)
rElec   .          Harm     .   (no cloak)
rCorr   .          Rampage  .   i - +1 pair of gloves
Will    .....                   (no boots)
Stlth   ++........              (no amulet)
HPRegen 0.08/turn               (no ring)
MPRegen 0.11/turn               (no ring)

@: very slightly contaminated
A: high mp 1, forlorn, divine attributes
a: no special abilities


You were on level 3 of the Dungeon.
You visited 1 branch of the dungeon, and saw 3 of its levels.

You collected 135 gold pieces.

Inventory:

Hand Weapons
 g - a +0 spear (weapon)
Missiles
 c - 111 stones
Armour
 b - a +0 robe (worn)
 i - a +1 pair of gloves (worn)
Jewellery
 f - an amulet of the acrobat
 h - a ring of wizardry
Scrolls
 a - 2 scrolls of teleportation {unknown}
Potions
 d - a potion of flight {unknown}
 e - a potion of cancellation {unknown}


   Skills:
 - Level 0.2 Fighting
 - Level 1.7 Dodging
 - Level 1.7 Stealth
 - Level 1.7 Spellcasting
 - Level 0.8 Transmutations
 + Level 4.0 Earth Magic


You had one spell level left.
You knew the following spells:

 Your Spells              Type           Power      Damage    Failure   Level
a - Sandblast             Erth           38%        2d10      2%          1
b - Stone Arrow           Conj/Erth      20%        3d8       21%         3

Your spell library contained the following spells:

 Spells                   Type           Power      Damage    Failure   Level
 Foxfire                  Conj/Fire      4%         2x1d4     16%         1
 Passwall                 Tmut/Erth      10%        N/A       9%          2
 Conjure Flame            Conj/Fire      1%         6-21      41%         3
 Inner Flame              Hex/Fire       1%         N/A       41%         3
 Petrify                  Tmut/Erth      12%        N/A       50%         4
 Flame Wave               Conj/Fire      1%         2d4       83%         4


Dungeon Overview and Level Annotations

Branches:
Dungeon (3/15)

Annotations:
D:3 2 transporters, DemonSlayer's ghost, amateur DECj


Innate Abilities, Weirdness & Mutations

You have an increased reservoir of magic. (+10% MP)
You shall have no god before yourself.
Your divine heritage dramatically boosts your attributes as you level up.


Message History

Level annotation: 2 transporters, DemonSlayer's ghost, amateur DECj
There is a stone staircase leading up here.
The quasit gives a chilling moan.
An orc comes into view. It is wielding a +0 falchion.
DemonSlayer's ghost turns its malevolent gaze towards you.
The orc moves out of view.
An orc comes into view. It is wielding a +0 club.
An orc and an orc priest come into view.
The orc priest shouts!
Casting: Sandblast (safe; 2% risk of failure)
Confirm with . or Enter, or press ? or * to list all spells.
Aiming: Sandblast (safe; 2% risk of failure)
Press: ? - help, Shift-Dir - straight line, f - orc priest
Aim: an orc priest, wielding a +0 club and wearing a +0 ring mail (82% to hit)
You miscast Sandblast.
You are very lightly contaminated with residual magic.
Nothing appears to happen.
The orc shouts!
The gnoll sergeant hits you from afar with a +0 spear.
The orc priest hits you with a +0 club.
Casting: Sandblast (safe; 2% risk of failure)
Confirm with . or Enter, or press ? or * to list all spells.
Aiming: Sandblast (safe; 2% risk of failure)
Press: ? - help, Shift-Dir - straight line, f/p - orc priest
Aim: an orc priest, wielding a +0 club and wearing a +0 ring mail (82% to hit)
The blast of sand hits the orc priest!
The orc priest is severely wounded.
The gnoll sergeant hits you from afar with a +0 spear.
The orc priest closely misses you.
Casting: Sandblast (safe; 2% risk of failure)
Confirm with . or Enter, or press ? or * to list all spells.
Aiming: Sandblast (safe; 2% risk of failure)
Press: ? - help, Shift-Dir - straight line, f/p - orc priest
Aim: an orc priest, wielding a +0 club and wearing a +0 ring mail (severely wounded, 82% to hit)
The blast of sand misses the orc priest.
The gnoll sergeant closely misses you.
The orc priest calls down the wrath of Beogh upon you.
Beogh smites you!
Ouch! That really hurt!
You die...

#...###..####..#
#..............##
#...###©####.....
###########..##.### .#####.
#...........##.... #...©#.
#...........#....# .#...##
#.#...........#..##..#......#
..'...)...o...#...#..©..##..#
###.......o.@##.#.....#5....#
#.......oo.# ...###=.W##.##
.'.#########g## .#..5!...5.#.
.# #..###. #####..##.
##...####.©.####..
###.............#
###............ #...........#
#####...........#


You could see a gnoll sergeant, an orc priest and 3 orcs.

Vanquished Creatures
  2 adders (D:3)
  2 dart slugs
  2 ball pythons
  2 bats (D:2)
  3 endoplasms
  2 giant cockroaches
  A goblin (D:3)
  A hobgoblin (D:1)
  4 kobolds
  A frilled lizard (D:2)
  2 rats (D:2)
22 creatures vanquished.

Notes
Turn   | Place    | Note
-------+----------+-------------------------------------------
     0 | D:1      | markar the Demigod Earth Elementalist began the quest for
                  | the Orb.
     0 | D:1      | Reached XP level 1. HP: 14/14 MP: 5/5
    89 | D:1      | Reached skill level 3 in Earth Magic
   317 | D:1      | You fall into a shaft and drop 1 floor!
   324 | D:2      | Reached XP level 2. HP: 20/20 MP: 5/7
  1060 | D:3      | Found a transporter.
  1062 | D:3      | Noticed DemonSlayer's ghost (amateur DECj)
  1110 | D:3      | Found a transporter.
  1125 | D:3      | Reached XP level 3. HP: 26/26 MP: 4/8
  1199 | D:3      | Reached skill level 4 in Earth Magic
  1246 | D:3      | Learned a level 3 spell: Stone Arrow
  1253 | D:3      | Noticed a gnoll sergeant
  1561 | D:3      | Killed from afar by an orc priest

Illustrated notes

Levels and vault maps discovered:
D:1:      amcnicky_arrival_gap_in_the_tavern_cellar, layout_basic
D:2:      layout_loops_ring, chequers_ecumenical_altar_island
D:3:      layout_basic, gammafunk_ghost_stat_death, grunt_ministairs_13

Skill      XL: |  1  2  3 |
---------------+----------+-----
Earth Magic    | 3 4 |  4.0
Fighting       | |  0.2
Dodging        | |  1.7
Stealth        | |  1.7
Spellcasting   | |  1.7
Transmutations | |  0.8

Action                   || total
-------------------------++-------
Melee: Spear             ||    18
       Punch             ||     1
 Cast: Sandblast         ||    34
Armor: Robe              ||     3
Dodge: Dodged            ||    21
